 Dungeon Crawl Stone Soup version 0.27-a0-1565-gad902ab807 (webtiles) character file.

Game seed: 7377355377486554378

200729 Sobieck the Impassioned (level 18, -5/102 (104) HPs)
             Began as a Vine Stalker Brigand on July 16, 2021.
             Was a High Priest of Uskayaw.
             Killed from afar by a deep elf knight (32 damage)
             ... with a shard of ice
             ... on level 1 of the Elven Halls on July 17, 2021.
             The game lasted 01:25:41 (28335 turns).

Sobieck the Impassioned (Vine Stalker Brigand)     Turns: 28335, Time: 01:25:41

HP:   -5/102 (104)  AC: 24    Str: 28    XL:     18   Next: 52%
MP:   0/31          EV: 11    Int: 13    God:    Uskayaw [*****.]
Gold: 3032          SH: 18    Dex: 16    Spells: 17/17 levels left

rFire    . . .     SeeInvis +   a - +9 dagger (elec) {short}
rCold    . . .     Faith    .   C - +0 kite shield "Utsas" {*Corrode rElec Int+2}
rNeg     . . .     Spirit   +   G - +1 plate armour
rPois    .         Reflect  +   K - +1 hat
rElec    +         Harm     .   c - +2 cloak
rCorr    .         Rampage  .   U - +1 pair of gloves
Will     ++...                  O - +1 pair of boots
Stlth    ..........             w - amulet of reflection
HPRegen  1.27/turn              F - +6 ring of strength
MPRegen  0.22/turn              T - ring of see invisible

@: studying 2 skills, lightly drained
A: fangs 3, regeneration 1, magic shield, antimagic bite, no potion heal 2
}: 1/15 runes: gossamer
a: Renounce Religion, Stomp, Line Pass, Grand Finale


You were on level 1 of the Elven Halls.
You worshipped Uskayaw.
Uskayaw was most pleased with you.
You visited 5 branches of the dungeon, and saw 28 of its levels.
You visited the Abyss 1 time.
You also visited: Ossuary.

You collected 3319 gold pieces.
You spent 287 gold pieces at shops.


Innate Abilities, Weirdness & Mutations

You have razor-sharp teeth.
Your natural rate of healing is unusually fast.
When hurt, damage is shared between your health and your magic reserves.
Your bite disrupts and absorbs the magic of your enemies.
Potions cannot restore your health.


   Skills:
 + Level 15.2 Fighting
 - Level 10.5 Short Blades
 - Level 1.7 Throwing
 - Level 10.0 Armour
 - Level 10.0 Dodging
 - Level 4.8 Stealth
 + Level 11.2 Shields
 + Level 16.4 Invocations


You had 17 spell levels left.
You didn't know any spells.
Your spell library contained the following spells:

 Spells                   Type           Power      Damage    Failure   Level
 Animate Skeleton         Necr           0%         N/A       99%         1
 Foxfire                  Conj/Fire      0%         2x1d4     99%         1
 Magic Dart               Conj           0%         1d3       99%         1
 Pain                     Necr           0%         1d4       99%         1
 Shock                    Conj/Air       0%         1d3       99%         1
 Call Imp                 Summ           0%         N/A       99%         2
 Ensorcelled Hibernation  Hex/Ice        0%         N/A       99%         2
 Passwall                 Tmut/Erth      0%         N/A       99%         2
 Slow                     Hex            0%         N/A       99%         2
 Confusing Touch          Hex            0%         N/A       100%        3
 Conjure Flame            Conj/Fire      0%         6-21      100%        3
 Dazzling Flash           Conj/Hex       0%         N/A       100%        3
 Gell's Gravitas          Tloc           0%         N/A       100%        3
 Inner Flame              Hex/Fire       0%         N/A       100%        3
 Mephitic Cloud           Conj/Pois/Air  0%         N/A       100%        3
 Ozocubu's Armour         Ice            0%         N/A       100%        3
 Portal Projectile        Hex/Tloc       0%         N/A       100%        3
 Spider Form              Tmut/Pois      0%         N/A       100%        3
 Swiftness                Air            0%         N/A       100%        3
 Teleport Other           Tloc           0%         N/A       100%        3
 Vampiric Draining        Necr           0%         2d6       100%        3
 Airstrike                Air            0%         N/A       100%        4
 Iskenderun's Mystic Bla  Conj/Tloc      0%         2d3       100%        4
 Alistair's Intoxication  Tmut/Pois      0%         N/A       100%        5
 Blade Hands              Tmut           0%         N/A       100%        5
 Borgnjor's Vile Clutch   Necr/Erth      0%         N/A       100%        5
 Excruciating Wounds      Necr           0%         N/A       100%        5
 Dispersal                Tloc           0%         N/A       100%        6
 Eringya's Noxious Bog    Tmut/Pois      0%         N/A       100%        6
 Invisibility             Hex            0%         N/A       100%        6
 Shadow Creatures         Summ           N/A        N/A       100%        6
 Starburst                Conj/Fire      0%         8x6d3     100%        6
 Ozocubu's Refrigeration  Ice            0%         4d5       100%        7

Inventory:

Hand Weapons
 a - a +9 dagger of electrocution (weapon) {short}
 b - a +0 hunting sling {sling}
   (You found it on level 10 of the Dungeon)
Missiles
 h - 809 stones (quivered) {throwing}
 B - 176 bolts
 I - 138 sling bullets
 M - 7 silver boomerangs {throwing}
 N - 14 javelins {throwing}
 W - 8 boomerangs {throwing}
Armour
 c - a +2 cloak (worn)
 C - the +0 kite shield "Utsas" (worn) {*Corrode rElec Int+2}
   (You acquired it on level 8 of the Dungeon)

   Int:       It affects your intelligence (+2).
   rElec:     It insulates you from electricity.
   *Corrode:  It may corrode you when you take damage.
 G - a +1 plate armour (worn)
   (You found it on level 2 of the Dungeon)
 K - a +1 hat (worn)
   (You found it on level 13 of the Dungeon)
 O - a +1 pair of boots (worn)
   (You found it on level 8 of the Dungeon)
 U - a +1 pair of gloves (worn)
   (You found it on level 2 of the Lair of Beasts)
Jewellery
 e - a ring of protection from cold
   (You found it on level 5 of the Lair of Beasts)
 u - a ring of protection from fire
   (You found it on level 4 of the Dungeon)
 w - an amulet of reflection (around neck)
   (You found it on level 4 of the Dungeon)
 x - a ring of positive energy
   (You found it on level 4 of the Dungeon)
 D - a +4 ring of protection
   (You found it on level 5 of the Dungeon)
 F - a +6 ring of strength (left hand)
   (You found it on level 6 of the Dungeon)
 Q - a ring of resist corrosion
   (You found it on level 6 of the Dungeon)
 T - a ring of see invisible (right hand)
   (You found it on level 2 of the Lair of Beasts)
Wands
 k - a wand of mindburst (5)
   (You found it on level 12 of the Dungeon)
 E - a wand of iceblast (32)
   (You found it on level 6 of the Dungeon)
Scrolls
 g - a scroll of holy word
 j - 2 scrolls of silence {!r}
 m - 2 scrolls of summoning
 q - 17 scrolls of identify {@r1}
 r - 15 scrolls of teleportation {@r4}
 A - 2 scrolls of vulnerability {!r!r}
 H - 7 scrolls of fog
 L - 5 scrolls of fear
 P - a scroll of immolation {!r!r}
 V - 3 scrolls of magic mapping {!r}
Potions
 i - 3 potions of berserk rage {!q}
 l - 6 potions of flight
 n - 9 potions of attraction {!q}
 o - 3 potions of magic
 p - 5 potions of haste {@q3}
 s - 2 potions of mutation {!q}
 v - 9 potions of curing {@q1}
 z - 2 potions of might
 J - 8 potions of ambrosia
 R - 2 potions of resistance
 S - 6 potions of brilliance
 Y - 2 potions of lignification {!q}
Miscellaneous
 d - a condenser vane
   (You found it on level 5 of the Lair of Beasts)
 t - a piece from Xom's chessboard (15/15)
   (You found it on level 13 of the Dungeon)
 X - a lightning rod (4/4)
   (You found it on level 1 of the Spider Nest)
 Z - a box of beasts
   (You found it on level 10 of the Dungeon)

Dungeon Overview and Level Annotations

Branches:
Dungeon (15/15)            Temple (0/1) D:7            Lair (6/6) D:10
 Shoals (0/4) Lair:3       Spider (4/4) Lair:4        Slime (0/5) Lair:6
    Orc (2/2) D:11            Elf (1/3) Orc:2        Vaults (0/5) D:14
 Depths (0/5) D:15        Ossuary (visited)

Altars:
Ashenzari
Cheibriados
Dithmenos
Elyvilon
Fedhas
Gozag
Makhleb
Nemelex Xobeh
Okawaru
Qazlal
Uskayaw
Wu Jian
The Shining One

Shops:
D:10 (   D:13 :   Orc:2 !:?[

+# # .#.# #
##########
#.........
#..$.....e
#.eยง......
#)@)...ยงe.
#.ee......
##########
.# # #


You could see a deep elf archer (repels missiles, pain bonded), 2 deep elf
knights, a deep elf pyromancer (pain bonded) and a deep elf zephyrmancer (pain
bonded).


Message History

๐Ÿ˜• HP[+1] No target in view!
You climb downwards.
Welcome back to the Elven Halls!
The fire elemental hits you. The fire elemental burns you!
The deep elf archer unwields a +0 dagger.
The deep elf archer wields a +0 longbow.
The deep elf archer shoots an arrow.
The arrow hits you.
The deep elf zephyrmancer gestures wildly while chanting.
The deep elf zephyrmancer blinks!
The fire elemental hits you.
The deep elf zephyrmancer gestures wildly while chanting.
The deep elf zephyrmancer blinks!
There is a staircase back to the Mines here. ๐Ÿ˜• HP[-7] MP[-3]
You take 7 damage, and now have 87/101 hp.
You lost 3 mp, and now have 28/31 mp.
You puncture the deep elf zephyrmancer!
Lightning courses through the deep elf zephyrmancer!
Your bite misses the deep elf zephyrmancer.
The deep elf knight gestures wildly while chanting.
The deep elf knight seems to speed up.
You hear a shout!
Uskayaw will force your foes to share their pain.
Uskayaw links your audience in an emotional bond!
You puncture the deep elf zephyrmancer!
Your bite misses the deep elf zephyrmancer.
The fire elemental misses you.
The deep elf knight gestures wildly while chanting.
The deep elf knight flickers and vanishes for a moment.
The deep elf knight casts a spell.
The deep elf knight flickers and vanishes for a moment.
You block the deep elf pyromancer's attack.
You block the deep elf zephyrmancer's attack.
The deep elf zephyrmancer gestures wildly while chanting.
The deep elf zephyrmancer blinks! ๐Ÿ˜• HP[+1]
You miss the deep elf zephyrmancer.
Your bite misses the deep elf zephyrmancer.
The fire elemental barely misses you.
The deep elf knight points at you and mumbles some strange words.
The shard of ice misses the deep elf knight.
The shard of ice hits you but does no damage. ๐Ÿ˜• HP[+1]
You puncture the deep elf zephyrmancer!
You kill the deep elf zephyrmancer!
The deep elf pyromancer gestures wildly while chanting.
The deep elf pyromancer blinks!
The fire elemental closely misses you.
The deep elf pyromancer mumbles some strange words.
The deep elf pyromancer blinks! ๐Ÿ˜• HP[+1]
You miss the deep elf knight. Your bite misses the deep elf knight.
The deep elf knight hits you with a +0 short sword!
The deep elf knight hits you with a +0 long sword! ๐Ÿ˜ฎ HP[-15] MP[-3]
You take 15 damage, and now have 75/101 hp.
You lost 3 mp, and now have 25/31 mp.
You are too injured to fight recklessly!
You are too injured to fight recklessly!
You are too injured to fight recklessly!
Unknown command.
You puncture the deep elf knight! Your bite misses the deep elf knight.
The fire elemental hits you. The fire elemental burns you!
The deep elf pyromancer mumbles some strange words.
The deep elf pyromancer blinks!
The deep elf archer blinks!
The deep elf knight hits you with a +0 short sword!
You can now merge with and destroy a victim. ๐Ÿ˜ฎ HP[-7] MP[-3]
You take 7 damage, and now have 68/101 hp.
You lost 3 mp, and now have 22/31 mp.
You puncture the deep elf knight! Your bite misses the deep elf knight.
You block the deep elf knight's attack.
You block the fire elemental's attack. ๐Ÿ˜ฎ HP[+1]
You hit the deep elf knight but do no damage.
You block the deep elf knight's attack. x2
The fire elemental closely misses you. ๐Ÿ˜ฎ HP[+1]
You puncture the deep elf knight!
You kill the deep elf pyromancer!
The fire elemental disappears in a puff of smoke!
The deep elf knight points at you and mumbles some strange words.
The shard of ice hits you!!
* * * LOW HITPOINT WARNING * * *
You block the deep elf knight's attack.
The deep elf zephyrmancer points at you and mumbles some strange words.
The bolt of lightning hits you. You resist.
* * * LOW HITPOINT WARNING * * *
๐Ÿ˜จ HP[-30] MP[-11]
You now have 102 max hp (+1).
You take 30 damage, and now have 40/102 hp.
MASSIVE DAMAGE!! (PAUSE)
You lost 11 mp, and now have 11/31 mp.
The deep elf knight hits you but does no damage.
The deep elf knight gestures at you while chanting.
The shard of ice hits you!!
* * * LOW HITPOINT WARNING * * *
The deep elf zephyrmancer mumbles some strange words.
The deep elf zephyrmancer blinks!
You block the deep elf pyromancer's attack.
The deep elf knight casts a spell at you.
The shard of ice hits you!!!
You die...

Skill      XL: |  1  2  3  4  5  6  7  8  9 10 11 12 13 14 15 16 17 18 |
---------------+-------------------------------------------------------+-----
Fighting       | 2 3 4 5 6 7 8 9 11 12 14 15 | 15.2
Short Blades   | 2 3 4 5 6 7 9 10 | 10.5
Armour         | 1 2 3 4 5 6 7 8 9 10 | 10.0
Invocations    | 2 5 6 7 8 11 12 13 15 16 | 16.4
Shields        | 2 4 5 7 8 9 10 11 | 11.2
Dodging        | 2 3 5 6 7 9 10 | 10.0
Throwing       | |  1.7
Stealth        | |  4.8

Action                   |  1- 3 |  4- 6 |  7- 9 | 10-12 | 13-15 | 16-18 || total
-------------------------+-------+-------+-------+-------+-------+-------++-------
Melee: Dagger            |    84 |   151 |   298 |   567 |  1213 |  1366 ||  3679
       Bite              |    19 |    46 |   116 |   245 |   499 |   611 ||  1536
 Fire: Hunting sling     |       |       |       |     2 |       |       ||     2
Throw: Dart              |       |       |       |       |     1 |       ||     1
       Stone             |       |       |       |       |       |    19 ||    19
Invok: Grand Finale      |       |       |       |       |       |     4 ||     4
Evoke: Wand              |       |       |       |     1 |     6 |       ||     7
  Use: Scroll            |       |     9 |     9 |    12 |    11 |     6 ||    47
       Potion            |       |       |       |       |     1 |     3 ||     4
 Stab: Sleeping          |    13 |     1 |     2 |       |       |       ||    16
       Paralysed         |       |       |    12 |    28 |    93 |   108 ||   241
       Invisible         |       |       |     1 |       |       |       ||     1
       Petrified         |       |       |       |       |     4 |       ||     4
Armor: Robe              |    16 |     3 |       |       |       |       ||    19
       Scale mail        |       |    78 |    27 |       |       |       ||   105
       Chain mail        |       |       |    25 |       |       |   411 ||   436
       Plate armour      |       |       |    69 |   189 |   428 |   163 ||   849
Dodge: Dodged            |    42 |    88 |    43 |    72 |   211 |   460 ||   916
Block: Other             |       |       |    24 |       |       |       ||    24
       Kite shield       |       |       |    59 |   358 |   758 |  1189 ||  2364
       Reflection        |       |       |     3 |    15 |    12 |    19 ||    49

Levels and vault maps discovered:
D:1:      dpeg_arrival_water_temple_mockup, layout_basic,
          ebering_ecumenical_altar_box
D:2:      minmay_recursive_quarters, layout_basic, corexii_leaking_fountain,
          hex_large
D:3:      layout_basic, nicolae_elyvilon_temple_path,
          mainiacjoe_overflow_big_doors
D:4:      layout_loops_ring, eat_drink_and_be_merry_uskayaw,
          minmay_stone_trees_medium, minmay_manual_mail, uniq_menkaure,
          uniq_crazy_yiuf_cottage
D:5:      layout_basic
D:6:      layout_layer_cave, okawaru_gym_becter, makhleb_grotto_becter,
          serial_glass, glass_columns_c, glass_columns_b, item_on_display_a,
          due_unseen_surprise, kennysheep_cross_room
D:7:      layout_loops_cross, mainiacjoe_overflow_cross_hatched,
          minmay_temple_entry_mist
D:8:      layout_basic, lemuel_coloured_pillars_altar, kennysheep_little_box,
          fedhas_bush_and_centaur_altar, nicolae_ossuary_entry_ruins,
          minivault_26, minmay_shattered_shrine
D:9:      cheibrodos_grave_circle, layout_basic, mainiacjoe_overflow_24_doors,
          minmay_librarian
D:10:     wad_guarded_room, layout_basic,
          chequers_temple_overflow_statue_of_worship, erik_lair_orcish_takeover,
          serial_shops, shop, minmay_diamond_spiral
D:11:     layout_basic, zombieorc2_lemuel
D:12:     layout_loops_ring, nicolae_wu_jian_immortal_techniques, uniq_fannar
D:13:     kennysheep_bubbly, layout_loops_ring, serial_shops,
          nicolae_diamond_shop
D:14:     layout_stronghold, erik_vaults_1, minmay_staircase_bubble, uniq_agnes
D:15:     grunt_enter_depths_hoard, layout_basic, minmay_misc_feat_four_crosses,
          minmay_misc_feat_secret_circle, hellmonk_guarded_unrand_cigotuvi
Lair:1:   layout_roguey, hangedman_lair_generics_rect
Lair:2:   regret_index_tunnel_blossom, layout_misc_corridors,
          lemuel_fruit_fields, uniq_sonja, uniq_maggie
Lair:3:   layout_roguey, elwin_shoals_entry_rooms, serial_bayou_shore_a,
          grunt_megastairs_4, infiniplex_staircase_pool
Lair:4:   layout_loops_ring, spider_nest_entry_a
Lair:5:   cheibrodos_lair_overgrown_chateau, layout_cave_pods, uniq_kirke,
          uniq_rupert
Lair:6:   minmay_lair_end_frog_pond, layout_regular_city,
          nicolae_slime_entry_slimehenge
Spider:1: nicolae_spider_mines_3
Spider:2: layout_spider_delve, drop_trap
Spider:3: nicolae_spider_jumping_over_cracks [nicolae_spider_jumping_sub_rim,
          nicolae_spider_jumping_sub_offset, nicolae_spider_jumping_sub_plain,
          nicolae_spider_jumping_sub_stairs], drop_trap
Spider:4: grunt_spider_rune_parallel
Orc:1:    layout_caves, uniq_gastronok
Orc:2:    st_orc_elflike, layout_caves, nicolae_orc_stony_grotto,
          david_defended_altar_orc
Elf:1:    minmay_elf_arrival_summoners, layout_loops_corners, serial_shops,
          nicolae_shop_stone

Notes
Turn   | Place    | Note
-------+----------+-------------------------------------------
     0 | D:1      | Sobieck the Vine Stalker Brigand began the quest for the
                  | Orb.
     0 | D:1      | Reached XP level 1. HP: 11/11 MP: 2/2
     0 | D:1      | magus.rc [v1.9.6]
    25 | D:1      | Found a faded altar of an unknown god.
    60 | D:1      | Reached skill level 2 in Fighting
    60 | D:1      | Reached skill level 2 in Short Blades
    69 | D:1      | Reached XP level 2. HP: 15/15 MP: 3/3
   539 | D:1      | Reached XP level 3. HP: 13/19 MP: 4/4
  1107 | D:2      | Gained mutation: Your natural rate of healing is unusually
                  | fast. [Vine Stalker growth]
  1107 | D:2      | Reached XP level 4. HP: 22/23 MP: 5/5
  1111 | D:2      | Reached skill level 3 in Fighting
  1117 | D:2      | Reached skill level 3 in Short Blades
  1821 | D:3      | Reached XP level 5. HP: 28/28 MP: 6/6
  1861 | D:4      | Noticed a centaur
  1875 | D:4      | Killed a centaur
  1876 | D:4      | Reached skill level 4 in Fighting
  1876 | D:4      | Reached skill level 4 in Short Blades
  1974 | D:3      | Reached XP level 6. HP: 27/33 MP: 7/7
  2532 | D:3      | Found a stormy altar of Qazlal.
  2540 | D:3      | Found a sparkling altar of Nemelex Xobeh.
  2667 | D:3      | Found a white marble altar of Elyvilon.
  2826 | D:5      | Entered Level 5 of the Dungeon
  2866 | D:4      | HP: 7/34 [ogre (27)]
  2868 | D:4      | Reached skill level 1 in Armour
  2868 | D:4      | Reached XP level 7. HP: 9/38 MP: 2/8
  3125 | D:4      | You pick up a book of Necromancy and begin reading...
  3125 | D:4      | You add the spells Pain, Animate Skeleton and Vampiric
                  | Draining to your library.
  3194 | D:4      | Found a hide-covered altar of Uskayaw.
  3208 | D:4      | Became a worshipper of Uskayaw the Reveller
  3324 | D:4      | Reached * piety under Uskayaw
  3327 | D:4      | Reached ** piety under Uskayaw
  3404 | D:4      | Reached skill level 5 in Fighting
  3418 | D:4      | Reached *** piety under Uskayaw
  3419 | D:4      | Reached skill level 5 in Short Blades
  3419 | D:4      | Reached skill level 2 in Armour
  3420 | D:4      | Noticed Menkaure
  3450 | D:4      | Killed Menkaure
  3596 | D:4      | Found a runed translucent door.
  3596 | D:4      | Noticed Crazy Yiuf
  3695 | D:4      | Killed Crazy Yiuf
  3788 | D:5      | Gained mutation: You have razor-sharp teeth. [Vine Stalker
                  | growth]
  3788 | D:5      | Reached XP level 8. HP: 39/44 MP: 7/9
  3794 | D:5      | Reached **** piety under Uskayaw
  3853 | D:5      | Reached skill level 3 in Armour
  3880 | D:6      | Reached skill level 1 in Invocations
  4199 | D:5      | Reached skill level 6 in Fighting
  4199 | D:5      | Reached skill level 6 in Short Blades
  4214 | D:5      | Reached skill level 2 in Invocations
  4435 | D:5      | Reached XP level 9. HP: 49/49 MP: 12/12
  4639 | D:6      | Reached skill level 3 in Invocations
  4860 | D:6      | Reached skill level 4 in Armour
  5056 | D:6      | Found an iron altar of Okawaru.
  5589 | D:6      | Found a burning altar of Makhleb.
  6280 | D:7      | Reached skill level 4 in Invocations
  6376 | D:7      | Found a staircase to the Ecumenical Temple.
  6613 | D:7      | Found an ornate altar of the Wu Jian Council.
  6622 | D:7      | Reached skill level 7 in Fighting
  6622 | D:7      | Reached skill level 7 in Short Blades
  6768 | D:8      | Identified a scroll of acquirement
  6768 | D:8      | Acquired the +0 kite shield "Utsas" {*Corrode rElec Int+2}
  6877 | D:8      | Found a sand-covered staircase.
  6882 | D:8      | Reached skill level 1 in Shields
  6889 | Ossuary  | Entered an ossuary
  6969 | Ossuary  | Reached skill level 2 in Shields
  6969 | Ossuary  | Reached skill level 5 in Invocations
  6984 | Ossuary  | Reached ***** piety under Uskayaw
  7007 | Ossuary  | Reached ****** piety under Uskayaw
  7045 | Ossuary  | Reached XP level 10. HP: 55/55 MP: 15/15
  7052 | Ossuary  | Reached skill level 8 in Short Blades
  7091 | Ossuary  | Reached skill level 6 in Invocations
  7446 | D:8      | You pick up a book of Necromancy and begin reading...
  7470 | D:8      | Found a shadowy altar of Dithmenos.
  7479 | D:8      | Reached skill level 3 in Shields
  7533 | D:8      | Found a blossoming altar of Fedhas.
  7633 | D:8      | Noticed a two-headed ogre
  7662 | D:8      | Killed a two-headed ogre
  7663 | D:8      | Reached skill level 9 in Short Blades
  7663 | D:8      | Reached skill level 4 in Shields
  7663 | D:8      | Reached skill level 1 in Dodging
  7806 | D:8      | Noticed a cyclops
  7807 | D:8      | Noticed a cyclops
  7816 | D:8      | Killed a cyclops
  7819 | D:8      | Killed a cyclops
  7884 | D:8      | Noticed a two-headed ogre
  7896 | D:8      | Killed a two-headed ogre
  7897 | D:8      | Reached skill level 2 in Dodging
  7897 | D:8      | Reached XP level 11. HP: 41/58 MP: 11/16
  7959 | D:8      | Noticed a manticore
  7968 | D:8      | Killed a manticore
  8117 | D:8      | Found an opulent altar of Gozag.
  8402 | D:9      | Reached skill level 5 in Shields
  8418 | D:9      | Reached skill level 7 in Invocations
  8431 | D:9      | Reached skill level 5 in Armour
  8452 | D:9      | Reached skill level 3 in Dodging
  8790 | D:9      | Reached skill level 8 in Fighting
  8900 | D:9      | Found a broken altar of Ashenzari.
  8951 | D:9      | You pick up a book of Dreams and begin reading...
  8951 | D:9      | You add the spells Ensorcelled Hibernation, Spider Form and
                  | Shadow Creatures to your library.
  9031 | D:9      | Noticed a wizard
  9043 | D:9      | Killed a wizard
  9286 | D:9      | You fall into a shaft and drop 1 floor!
  9286 | D:10     | Entered Level 10 of the Dungeon
  9286 | D:10     | Noticed an orc knight
  9286 | D:10     | Noticed a tengu warrior
  9286 | D:10     | Noticed a seven-headed hydra
  9295 | D:10     | Noticed a boulder beetle
  9299 | D:10     | Found Pugeih's Weapon Shop.
  9380 | D:10     | Found a snail-covered altar of Cheibriados.
  9380 | D:10     | Found a glowing golden altar of the Shining One.
  9511 | D:10     | Killed a seven-headed hydra
  9648 | D:10     | Reached XP level 12. HP: 65/65 MP: 18/18
  9650 | D:10     | Reached skill level 6 in Shields
  9664 | D:10     | Reached skill level 10 in Short Blades
  9664 | D:10     | Reached skill level 4 in Dodging
  9705 | D:10     | Noticed a seven-headed hydra
  9722 | D:10     | Killed a seven-headed hydra
  9723 | D:10     | Reached skill level 8 in Invocations
  9768 | D:10     | Identified the +1 ring mail of Niadwiro {rN++ Will++}
  9782 | D:10     | You pick up a book of Minor Magic and begin reading...
  9782 | D:10     | You add the spells Magic Dart, Call Imp and Mephitic Cloud
                  | to your library.
  9905 | D:10     | Killed a boulder beetle
  9906 | D:10     | Reached skill level 6 in Armour
  9962 | D:10     | You add the spells Gell's Gravitas, Teleport Other and
                  | Dispersal to your library.
  9984 | D:10     | Found a staircase to the Lair.
 10218 | D:10     | Killed a tengu warrior
 10428 | D:11     | HP: 12/65 [poisoned by a skeletal warrior]
 10431 | D:10     | HP: 5/65 [poisoned by a skeletal warrior]
 10436 | D:10     | HP: 4/65 [poisoned by a skeletal warrior]
 10531 | Lair:1   | Entered Level 1 of the Lair of Beasts
 11025 | Lair:1   | Reached skill level 9 in Fighting
 11025 | Lair:1   | Reached skill level 5 in Dodging
 11358 | Lair:2   | Reached skill level 7 in Shields
 11434 | Lair:2   | Reached XP level 13. HP: 66/70 MP: 17/20
 11648 | Lair:2   | Reached skill level 9 in Invocations
 11767 | Lair:2   | Reached skill level 7 in Armour
 11864 | Lair:2   | Noticed Sonja
 11879 | Lair:2   | Killed Sonja
 11880 | Lair:2   | Reached skill level 6 in Dodging
 12132 | Lair:2   | Noticed Maggie
 12136 | Lair:2   | You are cast into the Abyss!
 12136 | Lair:2   | Cast into level 1 of the Abyss (Maggie)
 12193 | Abyss:1  | Noticed a cyan very ugly thing
 12205 | Abyss:1  | Noticed a hellephant
 12205 | Abyss:1  | Noticed a red very ugly thing
 12216 | Abyss:1  | Noticed a red very ugly thing
 12219 | Abyss:1  | HP: 10/72 [hellephant/blast of flame (55)]
 12236 | Abyss:1  | Found a shimmering blue altar of Sif Muna.
 12241 | Abyss:1  | Found a corrupted altar of Lugonu.
 12268 | Abyss:1  | Reached skill level 10 in Fighting
 12356 | Abyss:1  | You add the spells Ozocubu's Armour and Ozocubu's
                  | Refrigeration to your library.
 12380 | Abyss:1  | Reached skill level 10 in Invocations
 12401 | Abyss:1  | You pick up a book of Burglary and begin reading...
 12401 | Abyss:1  | You add the spells Passwall, Swiftness and Invisibility to
                  | your library.
 12431 | Abyss:1  | Found a corrupted altar of Lugonu.
 12432 | Abyss:1  | Noticed a tentacled starspawn
 12443 | Abyss:1  | Killed a tentacled starspawn
 12504 | Abyss:1  | Noticed a tentacled starspawn
 12528 | Abyss:1  | Killed a tentacled starspawn
 12598 | Abyss:1  | Noticed a tentacled starspawn
 12615 | Abyss:1  | Noticed a starcursed mass
 12616 | Abyss:1  | Killed a tentacled starspawn
 12617 | Abyss:1  | Reached skill level 11 in Fighting
 12617 | Abyss:1  | Reached skill level 11 in Invocations
 12619 | Abyss:1  | Reached XP level 14. HP: 55/79 MP: 18/23
 12621 | Lair:2   | You pass through the gate.
 12621 | Lair:2   | Escaped the Abyss
 12636 | Lair:2   | Killed Maggie
 13473 | Lair:3   | Found a staircase to the Shoals.
 14075 | Lair:4   | Found a hole to the Spider Nest.
 14336 | Lair:4   | Identified the +1 plate armour of the Evening {Rampage
                  | rElec rF- Int+8}
 14790 | Lair:5   | You fall into a shaft and drop 1 floor!
 14790 | Lair:6   | Entered Level 6 of the Lair of Beasts
 14811 | Lair:6   | Reached skill level 8 in Shields
 14812 | Lair:6   | Reached skill level 7 in Dodging
 14851 | Lair:6   | Reached skill level 8 in Armour
 14938 | Lair:6   | You pick up a book of Flames and begin reading...
 14938 | Lair:6   | You add the spells Foxfire, Conjure Flame and Inner Flame
                  | to your library.
 15190 | Lair:5   | Reached skill level 12 in Invocations
 15195 | Lair:5   | Reached XP level 15. HP: 67/84 MP: 19/25
 15443 | Lair:5   | Noticed Rupert
 15446 | Lair:5   | Paralysed by Rupert for 3 turns
 15464 | Lair:5   | Killed Rupert
 15466 | Lair:5   | a +2 vorpal triple sword {longrare=g}; a +4 ring mail of
                  | willpower
 15479 | Lair:5   | g - a +2 vorpal triple sword {longrare=g}
 15624 | Lair:4   | You drop a +2 vorpal triple sword {longrare=g}.
 15882 | Lair:5   | Reached skill level 12 in Fighting
 15886 | Lair:5   | Noticed Kirke
 15937 | Lair:5   | Killed Kirke
 16007 | Lair:5   | Found the +5 demon whip "Spellbinder" {antimagic, Will+}
 16053 | Lair:5   | Reached skill level 9 in Shields
 16364 | Lair:6   | Reached skill level 8 in Dodging
 16386 | Lair:6   | Found a staircase to the Slime Pits.
 17155 | D:11     | Reached skill level 9 in Armour
 17368 | D:11     | Found a staircase to the Orcish Mines.
 17424 | D:11     | You pick up a book of Air and begin reading...
 17424 | D:11     | You add the spells Shock and Airstrike to your library.
 18320 | D:12     | Identified the +1 ring mail of Aligguf {rC+ rN+ Will-
                  | Int+2}
 18440 | D:12     | Reached skill level 13 in Invocations
 18500 | D:12     | Found an ornate altar of the Wu Jian Council.
 18575 | D:12     | Noticed Fannar
 18581 | D:12     | Killed Fannar
 18725 | D:12     | Reached skill level 9 in Dodging
 18725 | D:12     | Reached XP level 16. HP: 88/90 MP: 24/26
 19152 | D:13     | Reached skill level 13 in Fighting
 19483 | D:13     | Found Ozun's Book Shop.
 19974 | D:14     | Found a gate to the Vaults.
 20270 | D:14     | Noticed Agnes
 20281 | D:14     | Killed Agnes
 20975 | D:15     | Entered Level 15 of the Dungeon
 20989 | D:15     | y - a +0 triple sword {longrare=g}
 21003 | D:15     | You pick up a book of Weapons and begin reading...
 21003 | D:15     | You add the spells Portal Projectile, Excruciating Wounds
                  | and Blade Hands to your library.
 21041 | D:15     | Reached skill level 14 in Invocations
 21079 | D:15     | You add the spells Alistair's Intoxication, Borgnjor's Vile
                  | Clutch and Eringya's Noxious Bog to your library.
 21187 | D:14     | You drop a +0 triple sword {longrare=g}.
 21345 | D:15     | Found the +4 Cigotuvi's embrace {rMiasma Drain rN+}
 21570 | D:15     | Reached skill level 14 in Fighting
 21712 | D:15     | Found a staircase to the Depths.
 21844 | D:15     | Reached skill level 15 in Invocations
 22227 | Spider:1 | Entered Level 1 of the Spider Nest
 22291 | Lair:4   | HP: 23/93 [poisoned by a redback]
 22292 | Lair:4   | HP: 10/93 [wolf spider (4)]
 22297 | Lair:4   | HP: 17/139 [poisoned by a redback]
 22588 | Spider:1 | magus.rc [v1.9.6]
 22624 | Spider:1 | Reached XP level 17. HP: 96/97 MP: 29/29
 23019 | Spider:1 | Identified the +1 halberd of Heatick {protect, rCorr}
 23373 | Spider:2 | HP: 24/97 [poisoned by a redback]
 23375 | Spider:1 | HP: 11/97 [poisoned by a redback]
 23620 | Spider:2 | Identified the +6 glaive of the Five Allies {vorpal, rC+
                  | Str+4 SInv}
 24354 | Spider:3 | You pick up a book of Debilitation and begin reading...
 24354 | Spider:3 | You add the spells Slow and Confusing Touch to your
                  | library.
 24878 | Spider:3 | You pick up a book of Dreams and begin reading...
 25139 | Spider:4 | Entered Level 4 of the Spider Nest
 25164 | Spider:4 | Reached skill level 10 in Shields
 25276 | Spider:4 | Reached skill level 10 in Dodging
 25386 | Spider:4 | HP: 21/98 [emperor scorpion (5)]
 25389 | Spider:4 | HP: 8/98 [emperor scorpion (5)]
 25391 | Spider:4 | Reached skill level 10 in Armour
 25394 | Spider:4 | HP: 9/98 [emperor scorpion (4)]
 25407 | Spider:4 | Got a gossamer rune of Zot
 25435 | Spider:4 | Reached XP level 18. HP: 33/102 MP: 17/30
 25843 | Spider:4 | Reached skill level 16 in Invocations
 26069 | Spider:4 | Reached skill level 15 in Fighting
 26128 | Spider:4 | You pick up a book of Spectacle and begin reading...
 26128 | Spider:4 | You add the spells Dazzling Flash, Iskenderun's Mystic
                  | Blast and Starburst to your library.
 26720 | Orc:1    | Entered Level 1 of the Orcish Mines
 26720 | Orc:1    | Noticed Gastronok
 26765 | Orc:1    | Killed Gastronok
 27272 | Orc:2    | Entered Level 2 of the Orcish Mines
 27327 | Orc:2    | Found a staircase to the Elven Halls.
 27397 | Orc:2    | Reached skill level 11 in Shields
 27715 | Orc:2    | Found an iron altar of Okawaru.
 28074 | Orc:2    | Found Tintices's Antique Armour Shoppe.
 28074 | Orc:2    | Found Luruuvyosk's Distillery.
 28075 | Orc:2    | Found Enlox's Magic Scroll Shop.
 28075 | Orc:2    | Found Vasmeim's Book Shop.
 28089 | Orc:2    | Bought a runed hat for 175 gold pieces
 28094 | Orc:2    | Bought a scroll of enchant weapon for 112 gold pieces
 28302 | Elf:1    | Entered Level 1 of the Elven Halls
 28335 | Elf:1    | Killed from afar by a deep elf knight

Vanquished Creatures
  Rupert (Lair:5)
  3 tentacled starspawn (Abyss:1)
  Gastronok (Orc:1)
  Kirke (Lair:5)
  Agnes (D:14)
  6 ghost moths
  3 emperor scorpions (Spider:4)
  2 entropy weavers (Spider:3)
  A fire dragon (D:15)
  An ice dragon (D:15)
  10 hydras
  Fannar (D:12)
  An ogre mage (D:15)
  4 boulder beetles
  3 catoblepae
  6 centaur warriors
  15 two-headed ogres
  2 dancing weapons (D:14)
  A death knight (D:15)
  3 tengu warriors
  5 orc high priests
  A hell hog (Abyss:1)
  3 soul eaters (D:15)
  Sonja (Lair:2)
  5 skeletal warriors
  2 goliath frogs (Lair:6)
  2 shadow demons (Abyss:1)
  7 orc knights
  A wizard (D:9)
  A lindwurm (Lair:5)
  A tengu zombie (D:15)
  2 phantasmal warriors (D:15)
  A wolf spider zombie (D:9)
  A frost giant zombie (D:15)
  6 orc sorcerers
  2 deep elf pyromancers
  2 moths of wrath (Spider:1)
  13 orb spiders
  34 wolf spiders
  2 deep elf zephyrmancers
  6 ugly things
  A will-o-the-wisp (Abyss:1)
  9 cyclopes
  7 elephants
  8 black mambas
  4 manticores
  A worldbinder (Abyss:1)
  A gargoyle (D:10)
  2 torpor snails
  Maggie (Lair:2)
  A stone giant skeleton (D:15)
  26 cane toads
  An unseen horror (D:13)
  A cane toad (shapeshifter) (D:14)
  8 komodo dragons
  2 hellwings (D:9)
  2 centaur skeletons (D:9)
  An efreet (D:15)
  3 rime drakes
  A yaktaur (D:15)
  6 kobold demonologists
  2 freezing wraiths
  2 spriggan skeletons (D:15)
  A queen bee (shapeshifter) (D:14)
  59 jumping spiders
  7 trolls
  3 meliai (D:11)
  10 demonic crawlers
  2 polar bears (Lair:1)
  A queen bee (Lair:2)
  2 merfolk (Lair:3)
  9 slime creatures
  2 tyrant leeches (Lair:6)
  An ice dragon zombie (D:15)
  8 hornets
  2 spriggan zombies (D:15)
  2 meliai zombies
  23 blink frogs
  11 dream sheep
  An ettin zombie (D:15)
  A shadow (D:11)
  62 redbacks
  3 large abominations (Abyss:1)
  33 tarantellas
  2 water elementals (D:11)
  An ettin skeleton (D:15)
  3 wraiths
  A fire elemental (Abyss:1)
  6 wyverns
  4 steam dragons
  4 hogs (Lair:5)
  49 yaks
  7 basilisks
  Menkaure (D:4)
  4 wargs
  A two-headed ogre zombie (D:11)
  11 vampire mosquitoes
  5 acid dragons
  17 water moccasins
  16 orc warriors
  2 sky beasts
  An ice beast (D:4)
  A black bear (Lair:5)
  A hornet zombie (Ossuary)
  2 necrophages
  5 ogres
  2 boggarts (Abyss:1)
  10 centaurs
  10 wolves
  3 phantoms
  5 kobold brigands
  19 bullfrogs
  4 wyvern zombies
  3 gnoll sergeants
  2 earth elementals (Orc:2)
  2 scorpions
  2 water moccasin zombies (Ossuary)
  A wyvern skeleton (D:5)
  A troll zombie (D:11)
  A water moccasin skeleton (D:3)
  34 killer bees
  A howler monkey (D:7)
  9 electric eels
  A crimson imp (D:6)
  8 bullfrog zombies
  17 centaur zombies
  A quasit (Abyss:1)
  A gnoll shaman (D:7)
  A hound (D:5)
  4 small abominations (Abyss:1)
  17 orc priests
  Crazy Yiuf (D:4)
  4 jellies
  3 bullfrog skeletons (D:6)
  2 iguanas
  An iron imp (Abyss:1)
  23 orc wizards
  5 hell rats (Lair:1)
  A scorpion zombie (D:5)
  3 killer bee zombies (Ossuary)
  6 ogre zombies (D:11)
  11 mummies (Ossuary)
  4 howler monkey zombies
  19 gnolls
  5 adders
  A river rat (Lair:2)
  6 shadow imps
  A white imp (D:6)
  An ufetubus (D:5)
  2 adder skeletons (D:4)
  An adder zombie (D:5)
  A worm (D:3)
  2 dart slugs (D:1)
  48 orcs
  10 endoplasms
  4 giant cockroaches
  5 hobgoblins
  10 jackals
  8 quokkas
  6 ball pythons
  7 bats
  4 frilled lizards
  6 goblins
  3 goblin zombies (D:11)
  A hobgoblin skeleton (D:11)
  4 hobgoblin zombies (D:11)
  A jackal skeleton (D:4)
  9 kobolds
  An orc skeleton (D:11)
  16 orc zombies (D:11)
  8 rats
  A butterfly (Lair:2)
  2 starspawn tentacles (Abyss:1)
1057 creatures vanquished.

Vanquished Creatures (others)
  A deep elf pyromancer (D:12)
  A kobold brigand (D:11)
  A foxfire (Abyss:1)
  31 fungi
  103 plants
  10 starspawn tentacles (Abyss:1)
  13 withered plants
160 creatures vanquished.

Grand Total: 1217 creatures vanquished

Table legend:
 A = Non-vault XP
 B = Vault XP
 C = Vault XP percentage of total XP
 D = Non-vault monster count
 E = Vault monster count
 F = Vault count percentage of total count
                 A         B        C        D         E       F
            +---------+---------+-------+---------+---------+-------
      Total |  162351 |  119473 |  42.4 |     645 |     411 |  38.9
            +---------+---------+-------+---------+---------+-------
        D:1 |      39 |       0 |   0.0 |      22 |       0 |   0.0
        D:2 |     116 |      19 |  14.1 |      30 |       5 |  14.3
        D:3 |     218 |       0 |   0.0 |      21 |       0 |   0.0
        D:4 |     427 |     367 |  46.2 |      15 |       7 |  31.8
        D:5 |    1141 |       0 |   0.0 |      19 |       0 |   0.0
        D:6 |     537 |      50 |   8.5 |      13 |       1 |   7.1
        D:7 |     542 |       0 |   0.0 |      12 |       0 |   0.0
        D:8 |    3012 |    2978 |  49.7 |      20 |      10 |  33.3
        D:9 |     854 |    4489 |  84.0 |      11 |      14 |  56.0
       D:10 |    1852 |    8337 |  81.8 |      14 |      29 |  67.4
       D:11 |   10135 |     788 |   7.2 |      52 |      36 |  40.9
       D:12 |    8704 |     971 |  10.0 |      28 |       1 |   3.4
       D:13 |    5396 |    6048 |  52.8 |      10 |      12 |  54.5
       D:14 |    5211 |    3843 |  42.4 |       9 |       3 |  25.0
       D:15 |   16216 |    8124 |  33.4 |      24 |      15 |  38.5
     Lair:1 |    2009 |    1514 |  43.0 |      12 |       5 |  29.4
     Lair:2 |    3055 |    6732 |  68.8 |      13 |      45 |  77.6
     Lair:3 |    7453 |    1062 |  12.5 |      27 |       4 |  12.9
     Lair:4 |    8979 |     220 |   2.4 |      29 |       1 |   3.3
     Lair:5 |    5641 |   10841 |  65.8 |      27 |      21 |  43.8
     Lair:6 |   10550 |   11884 |  53.0 |      27 |      46 |  63.0
   Spider:1 |   11432 |    3680 |  24.4 |      31 |      11 |  26.2
   Spider:2 |   15312 |       0 |   0.0 |      41 |       0 |   0.0
   Spider:3 |   14543 |    4762 |  24.7 |      37 |      16 |  30.2
   Spider:4 |   14533 |   24777 |  63.0 |      41 |      54 |  56.8
      Orc:1 |    1584 |    2193 |  58.1 |      19 |       1 |   5.0
      Orc:2 |    1770 |    9042 |  83.6 |      23 |      29 |  55.8
      Elf:1 |       0 |    1210 | 100.0 |       0 |       2 | 100.0
    Abyss:1 |   11090 |    4065 |  26.8 |      18 |       8 |  30.8
    Ossuary |       0 |    1477 | 100.0 |       0 |      35 | 100.0
            +---------+---------+-------+---------+---------+-------

Illustrated notes

Table legend:
 A = Kills in this place as a percentage of kills in entire the game.
 B = Kills by you in this place as a percentage of kills by you in the entire game.
 C = Kills by friends in this place as a percentage of kills by friends in the entire game.
 D = Other kills in this place as a percentage of other kills in the entire game.
 E = Experience gained in this place as a percentage of experience gained in the entire game.
 F = Experience gained in this place divided by the number of levels of this place that you have seen.
                   A       B       C       D       E      F
               +-------+-------+-------+-------+-------+----------------------
         Total | 100.0 | 100.0 |   N/A | 100.0 | 100.0 | 9394.1
       Dungeon |  41.0 |  40.9 |   N/A | 100.0 |  32.1 | 6027.6
          Lair |  24.3 |  24.4 |   N/A |   0.0 |  24.8 | 11656.7
   Spider Nest |  21.9 |  21.9 |   N/A |   0.0 |  31.6 | 22259.8
  Orcish Mines |   6.8 |   6.8 |   N/A |   0.0 |   5.2 | 7294.5
   Elven Halls |   0.2 |   0.2 |   N/A |   0.0 |   0.4 | 1210.0
         Abyss |   2.5 |   2.5 |   N/A |   0.0 |   5.4 | 15155.0
       Ossuary |   3.3 |   3.3 |   N/A |   0.0 |   0.5 | 1477.0
               +-------+-------+-------+-------+-------+----------------------

Table legend: (Time is in decaauts)
 A = Elapsed time spent in this place.
 B = Non-inter-level travel time spent in this place.
 C = Inter-level travel time spent in this place.
 D = Time resting spent in this place.
 E = Time spent auto-exploring this place.
 F = Levels seen in this place.
 G = Mean time per level.
                   A        B        C        D        E       F      G
               +--------+--------+--------+--------+--------+-----+--------+
         Total |  27363 |  25447 |   1916 |   2505 |  16863 |  30 |  912.1 |
       Dungeon |  14991 |  13910 |   1081 |   1249 |  10016 |  15 |  999.4 |
          Lair |   6189 |   5672 |    517 |    442 |   3922 |   6 | 1031.5 |
   Spider Nest |   3864 |   3635 |    229 |    614 |   1751 |   4 |  966.0 |
  Orcish Mines |   1508 |   1421 |     87 |    132 |   1004 |   2 |  754.0 |
   Elven Halls |     13 |     13 |      0 |      0 |      0 |   1 |   13.0 |
         Abyss |    429 |    429 |      0 |     67 |     61 |   1 |  429.0 |
       Ossuary |    365 |    365 |      0 |      0 |    108 |   1 |  365.0 |
               +--------+--------+--------+--------+--------+-----+--------+

Top non-repeatable levels by time:
     D:6: 1299 daAuts
  Lair:5: 1233 daAuts
    D:11: 1227 daAuts
Spider:4: 1208 daAuts
     D:2: 1190 daAuts
     D:8: 1173 daAuts
  Lair:4: 1160 daAuts
    D:10: 1151 daAuts
    D:14: 1117 daAuts
Spider:2: 1081 daAuts
  Lair:3: 1035 daAuts
     D:4: 992 daAuts
     D:9: 990 daAuts
  Lair:6: 960 daAuts
    D:15: 950 daAuts
